Map: Gresvan LE

Players

junjun

  • Race: Terran Terran
  • Spawn Location: 11:00

winzboy - Winner!

  • Race: Protoss Protoss
  • Spawn Location: 5:00

VOD

Have the link to the VOD?

Description

Time

  • Played on: May 22, 2023, 1:17 a.m.
  • Length: 10:56
Show
View Real Time Build Order
Export as new Build Order

junjun Terran 

Build Orders:  

Get SALT Encoding   

  12  0:01  SCV  
  13  0:22  Refinery  
  13  0:33  SCV  
  14  0:46  SCV  
  14  0:47  Supply Depot  
  15  0:56  Supply Depot  
  15  1:08  SCV  
  16  1:12  Barracks  
  16  1:17  Barracks  
  16  1:21  SCV, Supply Depot  
  17  1:39  Supply Depot  
  17  1:50  SCV  
  18  2:06  Supply Depot  
  18  2:09  Marine  
  19  2:27  Marine  
  19  2:29  Barracks Reactor  
  20  2:32  Supply Depot  
  20  2:34  SCV  
  21  2:44  Marine  
  21  2:46  SCV  
  23  2:56  Supply Depot  
  23  2:58  SCV  
  23  3:02  Marine  
  23  3:05  Marine x2  
  25  3:11  SCV  
  28  3:20  Marine  
  28  3:22  Factory  
  28  3:23  Marine x2  
  31  3:38  Marine  
  31  3:41  Marine x2  
  34  3:59  Marine x2, Command Center  
  36  4:07  Barracks Tech Lab  
  36  4:27  Factory Tech Lab  
  36  4:28  Bunker  
  36  4:29  Marine  
  36  4:30  Marine  
  38  4:40  Marauder  
  40  4:47  Marine x2  
  42  4:53  Siege Tank  
  42  4:57  SCV  
  46  5:05  Marine x2  
  48  5:11  Supply Depot  
  48  5:19  SCV  
  49  5:23  Marine x2  
  51  5:29  Bunker  
  51  5:31  SCV  
  52  5:42  Refinery  
  52  5:43  SCV  
  53  5:54  Supply Depot  
  53  5:55  SCV  
  54  6:03  Marauder  
  56  6:07  SCV x2  
  58  6:19  SCV x2  
  58  6:24  Marauder  
  62  6:28  Engineering Bay  
  62  6:31  SCV  
  63  6:36  Starport  
  63  6:43  SCV  
  63  6:45  Marauder  
  66  6:47  Marine x2  
  68  6:56  SCV  
  69  7:05  Marine x2  
  69  7:08  SCV  
  72  7:13  Marauder  
  72  7:15  Siege Tank  
  77  7:20  SCV  
  77  7:22  Marine x2  
  78  7:25  Refinery  
  78  7:29  Refinery  
  80  7:40  Marine x2  
  82  7:54  Supply Depot  
  82  7:58  Marine x2  
  82  7:59  Viking  
  86  8:16  Marine x2  
  86  8:18  Siege Tank  
  91  8:29  Medivac  
  91  8:33  Sensor Tower  
  91  8:34  Marine x2  
  93  8:39  Supply Depot  
  95  8:50  Cyclone  
  95  8:51  Marine  
  95  8:52  Marine  
  100  8:59  Medivac  
  102  9:15  Fusion Core  
  102  9:18  Supply Depot  
  102  9:22  Hellion  
  104  9:27  Ghost Academy  
  104  9:29  Viking  
  104  9:30  Marine  
  104  9:31  Marine  
  108  9:44  Widow Mine  
  110  9:48  Marine x2  
  99  10:05  Cyclone  
  52  10:14  Marine x2  
  52  10:17  Marine  
  26  10:35  Marine  
Show
View Real Time Build Order
Export as new Build Order

winzboy Protoss - Winner!

Build Orders: 1 Gate Expand, Zealot Archon 

Get SALT Encoding   

  12  0:01  Probe  
  13  0:18  Probe (Chrono Boost)  
  14  0:24  Pylon  
  14  0:30  Probe (Chrono Boost)  
  15  0:45  Probe  
  16  0:53  Gateway  
  16  0:55  Assimilator  
  16  0:58  Probe  
  17  1:10  Probe  
  18  1:22  Probe  
  19  1:28  Nexus  
  19  1:34  Probe  
  20  1:48  Cybernetics Core  
  20  1:49  Probe  
  21  1:56  Assimilator  
  21  2:02  Pylon  
  21  2:04  Probe  
  22  2:18  Probe (Chrono Boost)  
  23  2:28  Warp Gate (Chrono Boost)  
  23  2:30  Probe (Chrono Boost)  
  24  2:39  Probe (Chrono Boost), Stalker (Chrono Boost)  
  24  2:44  Probe  
  28  2:45  Probe  
  29  2:56  Probe  
  29  2:57  Probe  
  31  3:14  Robotics Facility  
  31  3:15  Gateway  
  31  3:20  Cybernetics Core  
  32  3:27  Probe x2  
  32  3:28  Stalker (Chrono Boost)  
  35  3:39  Probe x2  
  37  3:52  Assimilator  
  37  3:53  Probe x2  
  37  3:54  Assimilator  
  41  3:56  Stalker (Chrono Boost)  
  41  4:05  Probe  
  42  4:16  Gateway  
  42  4:18  Stalker  
  42  4:19  Gateway  
  44  4:24  Pylon  
  44  4:29  Observer  
  45  4:32  Pylon  
  45  4:41  Probe  
  45  4:42  Probe  
  47  4:48  Stalker  
  49  4:53  Probe  
  49  4:54  Probe  
  51  5:02  Sentry  
  51  5:04  Twilight Council  
  51  5:06  Probe (Chrono Boost)  
  55  5:11  Probe (Chrono Boost)  
  55  5:16  Probe (Chrono Boost)  
  55  5:19  Probe (Chrono Boost)  
  55  5:21  Stalker x2  
  61  5:37  Pylon  
  61  5:40  Pylon  
  61  5:43  Pylon  
  61  5:48  Templar Archives  
  61  5:52  Probe, Gateway  
  61  5:54  Immortal (Chrono Boost), Gateway  
  61  5:56  Gateway  
  66  6:08  Charge (Chrono Boost)  
  66  6:24  Immortal  
  66  6:29  Pylon  
  70  6:41  High Templar x3  
  70  6:42  High Templar  
  70  6:46  Archon  
  78  6:47  Nexus, Archon  
  78  6:49  Pylon  
  78  6:52  Pylon  
  78  6:54  Pylon  
  78  7:04  Immortal  
  82  7:10  Robotics Bay  
  82  7:15  Pylon  
  82  7:16  Zealot  
  82  7:17  Zealot x3  
  82  7:19  Pylon  
  82  7:20  Probe  
  82  7:21  Probe, Pylon  
  92  7:33  Probe x2  
  92  7:35  Forge  
  94  7:39  Zealot x2  
  94  7:40  Zealot x3  
  94  7:41  Zealot  
  106  7:45  Probe x2  
  108  7:59  Extended Thermal Lance  
  108  8:00  Colossus  
  108  8:04  Zealot  
  108  8:05  Zealot x3, Protoss Ground Weapons Level 1 (Chrono Boost)  
  122  8:15  Probe x3  
  125  8:27  Probe x2  
  127  8:39  Zealot x2  
  127  8:40  Zealot x2  
  127  8:41  Zealot  
  137  8:48  High Templar x2  
  139  8:54  Warp Prism  
  143  9:09  Probe x2  
  145  9:11  Gateway x2  
  145  9:12  High Templar x2, Gateway  
  145  9:13  High Templar  
  145  9:16  Archon  
  145  9:17  Archon  
  151  9:29  Colossus  
  143  10:01  Zealot  
  143  10:02  Zealot x3  
  143  10:03  Zealot x2  
  143  10:14  Zealot  
  139  10:25  Zealot  
  139  10:26  Zealot x3  
  139  10:27  Zealot x2  
  157  10:56  Pylon  
Tags
 
Composition
Zealot Archon
Matchup
PvT
Replay Pack
Multiplayer
Spawn Locations
Cross Positions
Add a new tag
Caveats
  • Supply blocks, unpowered buildings, or Contaminate may cause inaccurate times.
  • Supply counts are checked every 10 seconds.